 Dungeon Crawl Stone Soup version 0.22-a0-398-g8bb545f (webtiles) character file.

48 iamserjio the Magician (level 3, -3/24 HPs)
             Began as a Mummy Fire Elementalist on May 5, 2018.
             Slain by an adder (5 damage)
             ... on level 1 of the Dungeon.
             The game lasted 00:04:55 (2320 turns).

iamserjio the Magician (Mummy Fire Elementalist)    Turns: 2320, Time: 00:04:56

Health: -3/24      AC:  2    Str: 11    XL:     3   Next: 50%
Magic:  1/8        EV: 12    Int: 15    God:
Gold:   56         SH:  0    Dex: 12    Spells: 8/9 levels left

rFire    x . .     SeeInvis .   g - +0 short sword (curse)
rCold    + . .     Gourm    .   (no shield)
rNeg     + + +     Faith    .   a - +0 robe
rPois    ∞         Spirit   .   (no helmet)
rElec    .         Reflect  .   (no cloak)
rCorr    +         Harm     .   (no gloves)
MR       .....                  (no boots)
Stlth    ++........             (no amulet)
HPRegen  0.08/turn              k - ring of resist corrosion
MPRegen  0.11/turn              (no ring)

@: no status effects
A: no food or potions, fire vulnerability, cold resistance 1, negative energy
resistance 3, torment resistance, unbreathing
a: no special abilities


You were on level 1 of the Dungeon.
You were not hungry.

You visited 1 branch of the dungeon, and saw 2 of its levels.

You collected 56 gold pieces.

Inventory:

Hand Weapons
 d - a +0 dagger
 e - a +0 short sword
 g - a cursed +0 short sword (weapon)
Armour
 a - a +0 robe (worn)
 f - a cursed +0 scale mail
Jewellery
 k - a ring of resist corrosion (left hand)
Scrolls
 b - 3 scrolls of identify {unknown}
 c - 2 scrolls of remove curse {unknown}
 h - a scroll of enchant armour {unknown}
 i - a scroll of magic mapping {unknown}
 j - 2 scrolls of immolation {unknown}


   Skills:
 - Level 1.5 Dodging
 - Level 1.5 Stealth
 + Level 3.6 Spellcasting
 + Level 1.6 Conjurations
 + Level 2.9 Fire Magic


You had 8 spell levels left.
You knew the following spells:

 Your Spells              Type           Power        Failure   Level  Hunger
a - Flame Tongue          Conj/Fire      #....        8%          1    N/A

Dungeon Overview and Level Annotations

Branches:
Dungeon (2/15)

Altars:


Innate Abilities, Weirdness & Mutations

You do not eat or drink.
Your flesh is vulnerable to fire.
You are immune to poison.
Your flesh is cold resistant. (rC+)
You are immune to negative energy. (rN+++)
You are immune to unholy pain and torment.
You can survive without breathing.


Message History

Aim: an adder (moderately wounded)
The flame tongue hits the adder.
The adder is heavily wounded.
The adder barely misses you.
Casting: Flame Tongue (safe; 8% risk of failure)
Confirm with . or Enter, or press ? or * to list all spells.
Aiming: Flame Tongue (safe; 8% risk of failure)
Press: ? - help, Shift-Dir - straight line, f/p - adder
Aim: an adder (heavily wounded)
The flame tongue hits the adder.
The adder is almost dead.
The adder bites you.
* * * LOW HITPOINT WARNING * * *
Casting: Flame Tongue (safe; 8% risk of failure)
Confirm with . or Enter, or press ? or * to list all spells.
Aiming: Flame Tongue (safe; 8% risk of failure)
Press: ? - help, Shift-Dir - straight line, f/p - adder
Aim: an adder (almost dead)
The flame tongue misses the adder.
The adder misses you. The adder bites you.
You die...

..#..##
#.##.#
...#..##
#..#.#
....#..#
##.#.#
...#..##
#...#
..#..##
##..#
##..## #..#
...## ##.#
#### #.# #
#@# # #S#
###########
## #.#
#.........#
.# #.#
#.#######.#
.# #.#
#.#.......#
.# #.#
#.#.#.##..#
.# #.#
#.#.#.....#
.# #.#
#.#.#####.#
## #.#
#.#.......#


You could see an adder.

Vanquished Creatures
  An adder (D:1)
  3 dart slugs (D:1)
  A leopard gecko (D:1)
  3 giant cockroaches (D:1)
  2 hobgoblins
  A quokka (D:2)
  A ball python (D:1)
  6 bats
  3 frilled lizards (D:1)
  A goblin (D:1)
  8 kobolds
  4 rats (D:1)
34 creatures vanquished.

Notes
Turn   | Place    | Note
-------+----------+-------------------------------------------
     0 | D:1      | iamserjio the Mummy Fire Elementalist began the quest for the Orb.
     0 | D:1      | Reached XP level 1. HP: 13/13 MP: 4/4
   216 | D:1      | Reached skill level 1 in Conjurations
   259 | D:1      | Reached skill level 3 in Spellcasting
   503 | D:1      | Reached XP level 2. HP: 19/19 MP: 0/6
  1628 | D:1      | Reached XP level 3. HP: 21/24 MP: 5/7
  2320 | D:1      | Slain by an adder

Vault maps used:
D:1:      scummos_arrival_hexagon, st_stairs_5, minmay_misc_feat_rows
D:2:      mumra_celtic_spiral_tile, uniq_natasha

Skill      XL: |  1 |
---------------+----+-----
Conjurations   | 1 |  1.6
Spellcasting   | 3 |  3.6
Dodging        | |  1.5
Stealth        | |  1.5
Fire Magic     | |  2.9

Action                   || total
-------------------------++-------
Melee: Short sword       ||    23
       Unarmed           ||     1
 Cast: Flame Tongue      ||    62
Armor: Robe              ||     6
Dodge: Dodged            ||    47

Table legend:
 A = Spawn XP
 B = Non-spawn XP
 C = Spawn XP percentage of total XP
 D = Spawn monster count
 E = Non-spawn monster count
 F = Spawn count percentage of total count
 G = Total turns spent on level
                    A         B        C        D         E        F      G
               +---------+---------+-------+---------+---------+-------+---------
         Total |       0 |      69 |   0.0 |       0 |      34 |   0.0 |  2320
               +---------+---------+-------+---------+---------+-------+---------
           D:1 |       0 |      61 |   0.0 |       0 |      29 |   0.0 |  2015
           D:2 |       0 |       8 |   0.0 |       0 |       5 |   0.0 |   305
               +---------+---------+-------+---------+---------+-------+---------
